 Dungeon Crawl Stone Soup version 0.28-a0-439-g4cf4cd4993 (webtiles) character file.

Game seed: 14911744332945259158

44 Conn the Firebug (level 3, -4/21 HPs)
             Began as an Octopode Fire Elementalist on Sept 11, 2021.
             Killed from afar by Natasha (6 damage)
             ... with a magic dart
             ... on level 2 of the Dungeon.
             The game lasted 00:04:27 (1872 turns).

Conn the Firebug (Octopode Fire Elementalist)       Turns: 1872, Time: 00:04:27

Health: -4/21      AC:  1    Str:  7    XL:     3   Next: 62%
Magic:  6/6        EV: 13    Int: 18    God:
Gold:   107        SH:  0    Dex: 12    Spells: 2/6 levels left

rFire   . . .      SeeInvis .   h - +0 short sword
rCold   . . .      Faith    .   (no shield)
rNeg    . . .      Spirit   .   (helmet restricted)
rPois   .          Reflect  .   (no amulet)
rElec   .          Harm     .   (no ring)
rCorr   .          Rampage  .   (no ring)
Will    .....                   (no ring)
Stlth   +++.......              (no ring)
HPRegen 0.07/turn               (no ring)
MPRegen 0.10/turn               (no ring)
                                (no ring)
                                (no ring)

@: flying, hasted, very quick
A: almost no armour, amphibious, 8 rings, camouflage 1, gelatinous body 1,
(nimble swimmer 1), tentacles
a: no special abilities


You were on level 2 of the Dungeon.
You visited 1 branch of the dungeon, and saw 2 of its levels.

You collected 107 gold pieces.

Inventory:

Hand Weapons
 h - a +0 short sword (weapon)
Armour
 j - a +0 buckler
Wands
 k - a wand of flame (10)
Scrolls
 a - a scroll of torment {unknown}
 b - a scroll of blinking {unknown}
 c - a scroll of immolation {unknown}
 d - 3 scrolls of identify {unknown}
 g - a scroll of amnesia {unknown}
 i - 2 scrolls of silence {unknown}


   Skills:
 + Level 2.4 Dodging
 + Level 2.9 Stealth
 + Level 0.2 Unarmed Combat
 + Level 2.3 Spellcasting
 + Level 1.3 Conjurations
 + Level 3.7 Fire Magic


You had 2 spell levels left.
You knew the following spells:

 Your Spells              Type           Power      Damage    Failure   Level
a - Foxfire               Conj/Fire      44%        2x1d6     6%          1
b - Conjure Flame         Conj/Fire      11%        6-21      19%         3

Your spell library contained the following spells:

 Spells                   Type           Power      Damage    Failure   Level
 Scorch                   Fire           30%        2d7       6%          2
 Inner Flame              Hex/Fire       8%         N/A       24%         3
 Flame Wave               Conj/Fire      11%        3d4       52%         4


Dungeon Overview and Level Annotations

Branches:
Dungeon (2/15)

Altars:

Annotations:
D:2 Natasha


Innate Abilities, Weirdness & Mutations

You cannot wear most types of armour.
You are amphibious.
You can wear up to eight rings at the same time.
Your skin changes colour to match your surroundings (Stealth+).
Your rubbery body absorbs attacks. (AC +1, EV +1)
((You are camouflaged near water. (Stealth+)))
You have tentacles for arms and can constrict up to eight enemies at once.


Message History

Casting: Foxfire (safe; 6% risk of failure)
Confirm with . or Enter, or press ? or * to list all spells.
You conjure some foxfire!
Unknown command.
The foxfire hits the adder.
You kill the adder!
Unknown command.
Your foxfire dissipates!
Found a robe.
There is a stone staircase leading up here.
Found a cloak.
You see here a +0 cloak.
Natasha, Servant of Life and Death comes into view.
Natasha hisses angrily.
Natasha barely misses you.
You barely miss Natasha. Your grab misses Natasha.
You squeeze Natasha, but do no damage. Natasha claws you.
Casting: Foxfire (safe; 6% risk of failure)
Confirm with . or Enter, or press ? or * to list all spells.
Okay, then.
Unknown command.
Unknown command.
Unknown command.
It was a potion of curing.
You feel better. Natasha claws you!
Natasha stares at you and mumbles some strange words.
The magic dart hits you!
* * * LOW HITPOINT WARNING * * *
You feel better.
It was a potion of flight.
You feel very buoyant.
You fly up into the air.
Natasha closely misses you.
It was a potion of haste.
You feel yourself speed up. Natasha claws you!
* * * LOW HITPOINT WARNING * * *
You aren't carrying any potions.
Unknown command.
Unknown command.
Okay, then.
Natasha stares at you and mumbles some strange words.
The magic dart hits you.
You die...

#.#####..##.###.##..#
....................#
#.#####..##.######.##
#..##....[...#
.#.#####..###########
.......<..#
#########.########
#..h..##.........
#.###@##..#######.
###.###.##..###.....
................#
###.###.#...#######.#
#..........[......# #
#######...######### #
##.## # #.# # #.#


You could see Natasha.

Vanquished Creatures
  An adder (D:2)
  2 ball pythons (D:1)
  3 bats
  2 endoplasms (D:1)
  2 giant cockroaches (D:1)
  2 goblins (D:1)
  3 hobgoblins
  7 jackals
  3 kobolds
  A quokka (D:2)
  A rat (D:2)
27 creatures vanquished.

Vanquished Creatures (others)
  56 foxfires
56 creatures vanquished.

Grand Total: 83 creatures vanquished

Notes
Turn   | Place    | Note
-------+----------+-------------------------------------------
     0 | D:1      | Conn the Octopode Fire Elementalist began the quest for the
                  | Orb.
     0 | D:1      | Reached XP level 1. HP: 11/11 MP: 3/3
   251 | D:1      | Reached XP level 2. HP: 17/17 MP: 1/5
   328 | D:1      | Found a faded altar of an unknown god.
   867 | D:1      | Reached XP level 3. HP: 15/21 MP: 3/6
   871 | D:1      | Learned a level 3 spell: Conjure Flame
  1861 | D:2      | Noticed Natasha
  1872 | D:2      | Killed from afar by Natasha

Illustrated notes

Levels and vault maps discovered:
D:1:      lightli_arrival_windingriver, layout_loops_ring,
          basic_ecumenical_altar
D:2:      layout_loops_corners, uniq_natasha

Action                   || total
-------------------------++-------
Melee: Unarmed           ||    11
       Constrict         ||     8
       Tentacles         ||     3
       Short sword       ||    13
 Cast: Foxfire           ||    41
  Use: Potion            ||     4
 Stab: Sleeping          ||     2
Armor: Skin              ||     3
Dodge: Dodged            ||    27

Table legend: (Time is in decaauts)
 A = Elapsed time spent in this place.
 B = Non-inter-level travel time spent in this place.
 C = Inter-level travel time spent in this place.
 D = Time resting spent in this place.
 E = Time spent auto-exploring this place.
 F = Levels seen in this place.
 G = Mean time per level.
                   A        B        C        D        E       F      G
               +--------+--------+--------+--------+--------+-----+--------+
         Total |   1872 |   1852 |     20 |      0 |   1572 |   2 |  936.0 |
       Dungeon |   1872 |   1852 |     20 |      0 |   1572 |   2 |  936.0 |
               +--------+--------+--------+--------+--------+-----+--------+

Top non-repeatable levels by time:
     D:1: 1084 daAuts
     D:2: 787 daAuts
